 Dungeon Crawl Stone Soup version 0.27-a0-40-g5f2be0e231 (webtiles) character file.

Game seed: 10000866404558065031

297 raceaflais the Sneak (level 6, -1/37 HPs)
             Began as a Kobold Brigand on Jan 5, 2021.
             Slain by a lemure (4 damage)
             ... led by Pikel
             ... on level 3 of the Dungeon.
             The game lasted 00:14:18 (4083 turns).

raceaflais the Sneak (Kobold Brigand)               Turns: 4083, Time: 00:14:18

Health: -1/37      AC: 12    Str:  9    XL:     6   Next: 62%
Magic:  6/6        EV:  2    Int: 13    God:
Gold:   126        SH:  0    Dex: 17    Spells: 5/5 levels left

rFire    x . .     SeeInvis .   a - +2 dagger
rCold    + . .     Faith    .   (shield restricted)
rNeg     . . .     Spirit   .   r - +0 plate armour
rPois    .         Reflect  .   (no helmet)
rElec    .         Harm     .   l - +1 cloak
rCorr    .         Rampage  .   (no gloves)
Will     .....                  (no boots)
Stlth    ..........             (no amulet)
HPRegen  0.12/turn              c - ring of ice
MPRegen  0.10/turn              (no ring)

@: about to teleport
A: small, nightstalker 3
a: no special abilities


You were on level 3 of the Dungeon.
You visited 1 branch of the dungeon, and saw 4 of its levels.

You collected 126 gold pieces.

Inventory:

Hand Weapons
 a - a +2 dagger (weapon)
Missiles
 d - 8 poisoned darts (quivered)
 e - 2 curare-tipped darts
 f - 3 silver javelins
 g - 19 sling bullets
 h - 5 javelins
 i - 58 arrows
 m - 82 stones
Armour
 b - a +0 robe
 l - a +1 cloak (worn)
 r - a +0 plate armour (worn)
Jewellery
 c - a ring of ice (left hand)
Wands
 p - a wand of digging (2)
 s - a wand of paralysis (7)
Scrolls
 j - 2 scrolls of remove curse
 n - 2 scrolls of identify
 q - a scroll of magic mapping
 t - a scroll of teleportation


   Skills:
 + Level 3.0 Fighting
 + Level 3.7 Short Blades
 + Level 4.9 Throwing
 + Level 2.2 Dodging
 + Level 7.1 Stealth


You had 5 spell levels left.
You didn't know any spells.
Your spell library was empty.

Dungeon Overview and Level Annotations

Branches:
Dungeon (4/15)
 Temple: D:4-7

Altars:
Nemelex Xobeh
Xom

Annotations:
D:4 Pikel


Innate Abilities, Weirdness & Mutations

You are small and have problems with some larger weapons.
You are completely attuned to the shadows.


Message History

Throw: 10 darts (poison)
Press: ? - help, Q - select action, (/) - cycle Shift-Dir - straight line, f - lemure
Aim: a lemure (lightly wounded)
You throw a poisoned dart. The poisoned dart hits the lemure.
The lemure is lightly wounded.
The lemure hits you!
* * * LOW HITPOINT WARNING * * *
Throw: 9 darts (poison)
Press: ? - help, Q - select action, (/) - cycle Shift-Dir - straight line, f/p - lemure
Aim: a lemure (lightly wounded)
You throw a poisoned dart.
The poisoned dart closely misses the lemure.
As you read the scroll labelled HUDIURPHIKKU, it crumbles to dust.
You feel aware of your surroundings.
It was a scroll of magic mapping.
The lemure hits you.
* * * LOW HITPOINT WARNING * * *
As you read the scroll labelled WUSUOKK AVOMU, it crumbles to dust.
You feel strangely unstable.
It was a scroll of teleportation.
The lemure hits you.
You die...

#.####.# #....#.#
########.#.#
#........#.#
#........#.#
#........#.#
##'###'#.#.#
#.###.#.#.########
#.#@5..(.........#
#.#†#.#.#.######.#
###.#.#^#.#.# #.##
#...#.#.#.#.######..##
#.###..<....[.).......
##'###.###.#.#######.##
#...##.......# #.##
#...######.### #..#
#...######.# ##.#


You could see a lemure.

Vanquished Creatures
  An ogre (D:2)
  A hound (D:3)
  An orc wizard (D:4)
  9 adders
  4 worms
  3 dart slugs
  2 leopard geckos (D:3)
  4 orcs
  2 giant cockroaches
  7 goblins
  5 hobgoblins
  4 jackals (D:2)
  8 bats
  5 frilled lizards
  A jackal skeleton (D:2)
  3 kobolds
  6 rats
66 creatures vanquished.

Vanquished Creatures (others)
  13 plants (D:4)
13 creatures vanquished.

Grand Total: 79 creatures vanquished

Notes
Turn   | Place    | Note
-------+----------+-------------------------------------------
     0 | D:1      | raceaflais the Kobold Brigand began the quest for the Orb.
     0 | D:1      | Reached XP level 1. HP: 12/12 MP: 1/1
   270 | D:1      | Reached skill level 6 in Stealth
   270 | D:1      | Reached XP level 2. HP: 17/17 MP: 2/2
   861 | D:2      | Reached XP level 3. HP: 21/21 MP: 3/3
   876 | D:2      | HP: 1/21 [worm (10)]
  1085 | D:2      | Reached skill level 7 in Stealth
  1085 | D:2      | Reached XP level 4. HP: 20/26 MP: 4/4
  1987 | D:2      | Noticed an ogre
  2000 | D:2      | Killed an ogre
  2001 | D:2      | Reached XP level 5. HP: 22/31 MP: 5/5
  2708 | D:3      | Reached XP level 6. HP: 34/36 MP: 6/6
  2755 | D:3      | Found a sparkling altar of Nemelex Xobeh.
  3061 | D:3      | Found a snail-covered altar of Cheibriados.
  3061 | D:3      | Found a sparkling altar of Nemelex Xobeh.
  3062 | D:3      | Found a basalt altar of Yredelemnul.
  3068 | D:3      | Found a shimmering altar of Xom.
  3068 | D:3      | Found a shimmering altar of Xom.
  3068 | D:3      | Found a shadowy altar of Dithmenos.
  4023 | D:4      | Noticed Pikel
  4083 | D:3      | Slain by a lemure

Illustrated notes

Levels and vault maps discovered:
D:1:      dpeg_arrival_windows_large_door, layout_loops_ring
D:2:      layout_basic
D:3:      layout_basic, nemelex_altar_shiori, doesnt_xom_only_xom
D:4:      layout_cave_pools, serial_bayou, serial_bayou_lagoon_b,
          serial_bayou_pond_d, serial_bayou_shore_b, serial_bayou_crossing,
          serial_bayou_lagoon_a, serial_bayou_pond_e, item_on_display_a,
          uniq_pikel

Skill      XL: |  1  2  3  4  5  6 |
---------------+-------------------+-----
Stealth        | 6 7 |  7.1
Short Blades   | 3 |  3.7
Throwing       | 4 |  4.9
Dodging        | 2 |  2.2
Fighting       | 3 |  3.0

Action                   |  1- 3 |  4- 6 || total
-------------------------+-------+-------++-------
Melee: Dagger            |    48 |   118 ||   166
Throw: Dart              |    38 |   148 ||   186
  Use: Potion            |     3 |     4 ||     7
       Scroll            |       |     7 ||     7
Armor: Robe              |    12 |    14 ||    26
       Plate armour      |       |    51 ||    51
       Skin              |       |    46 ||    46
Dodge: Dodged            |    27 |    74 ||   101

Table legend: (Time is in decaauts)
 A = Elapsed time spent in this place.
 B = Non-inter-level travel time spent in this place.
 C = Inter-level travel time spent in this place.
 D = Time resting spent in this place.
 E = Time spent auto-exploring this place.
 F = Levels seen in this place.
 G = Mean time per level.
                   A        B        C        D        E       F      G
               +--------+--------+--------+--------+--------+-----+--------+
         Total |   4019 |   3604 |    415 |   1184 |   1824 |   4 | 1004.8 |
       Dungeon |   4019 |   3604 |    415 |   1184 |   1824 |   4 | 1004.8 |
               +--------+--------+--------+--------+--------+-----+--------+

Top non-repeatable levels by time:
     D:2: 1721 daAuts
     D:3: 1390 daAuts
     D:1: 756 daAuts
     D:4: 150 daAuts
